 Dungeon Crawl Stone Soup version 0.27-a0-1006-g1fd4cec11e (webtiles) character file.

Game seed: 7006800301213430512

2890 tilp the Slicer (level 9, -7/48 HPs)
             Began as a Vine Stalker Brigand on Apr 17, 2021.
             Was a Follower of Uskayaw.
             Shot with a sling bullet by Joseph (15 damage)
             ... on level 8 of the Dungeon.
             The game lasted 00:13:30 (7928 turns).

tilp the Slicer (Vine Stalker Brigand)              Turns: 7928, Time: 00:13:30

Health: -7/48      AC: 12    Str: 13    XL:     9   Next: 77%
Magic:  0/13       EV:  9    Int: 11    God:    Uskayaw [*.....]
Gold:   92         SH:  8    Dex: 26    Spells: 8/8 levels left

rFire    . . .     SeeInvis .   a - +3 dagger (venom)
rCold    . . .     Faith    .   k - +0 kite shield
rNeg     . . .     Spirit   +   u - +3 leather armour {Will+}
rPois    .         Reflect  .   w - +2 helmet
rElec    .         Harm     .   D - +2 cloak
rCorr    .         Rampage  .   (no gloves)
Will     ++...                  (no boots)
Stlth    ++++......             (no amulet)
HPRegen  1.16/turn              C - +6 ring of dexterity
MPRegen  0.13/turn              (no ring)

@: no status effects
A: fangs 3, regeneration 1, magic shield, antimagic bite, no potion heal 2
a: Renounce Religion, Stomp


You were on level 8 of the Dungeon.
You worshipped Uskayaw.
Uskayaw was noncommittal.
You visited 1 branch of the dungeon, and saw 8 of its levels.
You also visited: Sewer.

You collected 346 gold pieces.
You spent 254 gold pieces at shops.

Inventory:

Hand Weapons
 a - a +3 dagger of venom (weapon)
 b - a +2 dagger
Missiles
 d - 65 poisoned darts (quivered)
 e - 3 curare-tipped darts {!f}
 r - 3 javelins
 B - 3 boomerangs of dispersal
Armour
 k - a +0 kite shield (worn)
 s - a +0 plate armour
 u - a +3 leather armour of willpower (worn)
 w - a +2 helmet (worn)
 D - a +2 cloak (worn)
Jewellery
 C - a +6 ring of dexterity (left hand)
Wands
 t - a wand of digging (5)
 G - a wand of polymorph (7)
Scrolls
 c - 2 scrolls of acquirement {unknown}
 i - 4 scrolls of teleportation
 l - 3 scrolls of magic mapping
 m - 3 scrolls of blinking
 p - a scroll of fear
 v - a scroll of silence
 y - a scroll of enchant armour
 E - a scroll of identify
 F - a scroll of fog {unknown}
Potions
 f - a potion of brilliance
 g - a potion of might
 h - 4 potions of flight
 j - 2 potions of attraction
 n - a potion of haste {unknown}
 o - a potion of cancellation
 q - 4 potions of curing
 x - a potion of degeneration {unknown}
 z - a potion of mutation {unknown}
 A - a potion of resistance {unknown}


   Skills:
 - Level 6.0 Fighting
 + Level 9.5 Short Blades
 - Level 1.7 Throwing
 - Level 2.0 Dodging
 - Level 6.0 Stealth
 - Level 4.0 Invocations


You had 8 spell levels left.
You didn't know any spells.
Your spell library contained the following spells:

 Spells                   Type           Power      Damage    Failure   Level
 Shock                    Conj/Air       0%         1d3       97%         1
 Static Discharge         Conj/Air       0%         N/A       99%         2
 Swiftness                Air            0%         N/A       100%        3
 Airstrike                Air            0%         N/A       100%        4
 Summon Lightning Spire   Summ/Air       0%         N/A       100%        4
 Lightning Bolt           Conj/Air       0%         1d11      100%        5
 Silence                  Hex/Air        0%         N/A       100%        5
 Conjure Ball Lightning   Conj/Air       0%         3x3d6     100%        6
 Tornado                  Air            0%         N/A       100%        9


Dungeon Overview and Level Annotations

Branches:
Dungeon (8/15)             Temple (0/1) D:5           Sewer (visited)
   Lair: D:8-11

Altars:
Cheibriados
Okawaru
Qazlal
Uskayaw
Yredelemnul
Zin

Shops:
D:4 ?   D:7 **(   D:8 *

Annotations:
D:8 Joseph


Innate Abilities, Weirdness & Mutations

You have razor-sharp teeth.
Your natural rate of healing is unusually fast.
When hurt, damage is shared between your health and your magic reserves.
Your bite disrupts and absorbs the magic of your enemies.
Potions cannot restore your health.


Message History

* * * LOW HITPOINT WARNING * * *
You hit Joseph but do no damage.
Joseph looks as sick as possible!
You bite Joseph, but do no damage.
Joseph is moderately wounded.
Joseph hits you with a +0 quarterstaff!
* * * LOW HITPOINT WARNING * * *
Unknown command.
Okay, then.
Blink to where?
Press: ? - help, Dir - move target
As you read the scroll of blinking, it crumbles to dust.
Found a scroll labelled NENTOS TUT XEA.
Joseph unwields a +0 quarterstaff.
Joseph wields a +0 hunting sling.
Joseph shoots a sling bullet.
You block the sling bullet.
You climb upwards.
There is a stone staircase leading down here.
You start resting.
You can no longer pass through a line of other dancers.
You are no longer corroded.
You start resting.
HP restored.
You start resting.
Magic restored.
You climb downwards.
Level annotation: Joseph
There is a stone staircase leading up here.
Unknown command.
No target in view!
Joseph is nearby!
Joseph shoots a sling bullet.
The sling bullet hits you.
There is a stone staircase leading up here.
Joseph shoots a sling bullet.
The sling bullet hits you!
Joseph zaps a wand.
The bolt of acid hits you!!
You are splashed with acid!
* * * LOW HITPOINT WARNING * * *
Joseph zaps a wand.
The bolt of acid hits you.
* * * LOW HITPOINT WARNING * * *
You are splashed with acid!
* * * LOW HITPOINT WARNING * * *
Joseph shoots a sling bullet.
The sling bullet hits you!
You die...

#...............######.##
# #.###..†........# #..# #
# #...........# #####'###
# #...........#
#.......####
#...........###...........
#.........................
#.....@.........#.........
####...#........#.....#...
#...#.@......#####.####
.........<...?# #.##<)
######........# #.####
#........# #.# ##
####...### #. ##### #. #.
#. ..


You could see Joseph.

Vanquished Creatures
  Sigmund (D:6)
  Menkaure (D:4)
  2 ice beasts (D:6)
  2 sky beasts (D:7)
  A black bear (D:7)
  4 centaurs
  A kobold brigand (D:8)
  A wyvern zombie (D:7)
  2 bullfrogs
  4 scorpions
  A wyvern skeleton (D:7)
  A water moccasin skeleton (D:6)
  5 killer bees
  A howler monkey (D:8)
  A centaur zombie (D:6)
  A bullfrog zombie (D:5)
  A jelly (D:7)
  A hound (D:6)
  3 orc priests
  3 bullfrog skeletons
  A centaur skeleton (D:6)
  Crazy Yiuf (D:7)
  Jessica (D:2)
  3 iguanas
  Ijyb (D:5)
  6 orc wizards
  A merfolk siren (Sewer)
  A merfolk avatar (Sewer)
  A hound zombie (D:5)
  3 river rats (Sewer)
  8 adders
  3 white imps
  3 worms
  3 dart slugs
  25 orcs
  12 ball pythons
  6 bats
  7 endoplasms
  6 giant cockroaches
  8 goblins
  6 hobgoblins
  12 jackals
  6 kobolds
  8 quokkas
  10 frilled lizards
  26 rats
205 creatures vanquished.

Vanquished Creatures (others)
  4 plants (D:2)
4 creatures vanquished.

Grand Total: 209 creatures vanquished

Notes
Turn   | Place    | Note
-------+----------+-------------------------------------------
     0 | D:1      | tilp the Vine Stalker Brigand began the quest for the Orb.
     0 | D:1      | Reached XP level 1. HP: 11/11 MP: 2/2
   422 | D:1      | Reached skill level 2 in Short Blades
   554 | D:1      | Reached XP level 2. HP: 15/15 MP: 3/3
   787 | D:1      | Reached XP level 3. HP: 19/19 MP: 4/4
  1422 | D:2      | Found a faded altar of an unknown god.
  1423 | D:2      | Noticed Jessica
  1589 | D:2      | Killed Jessica
  1590 | D:2      | Reached skill level 3 in Short Blades
  1590 | D:2      | Gained mutation: Your natural rate of healing is unusually
                  | fast. [Vine Stalker growth]
  1590 | D:2      | Reached XP level 4. HP: 24/24 MP: 5/5
  1618 | D:2      | Found a stormy altar of Qazlal.
  2625 | D:3      | Found a hide-covered altar of Uskayaw.
  2720 | D:3      | Became a worshipper of Uskayaw the Reveller
  2747 | D:3      | Reached * piety under Uskayaw
  2752 | D:3      | Reached XP level 5. HP: 28/28 MP: 6/6
  2861 | D:3      | Reached ** piety under Uskayaw
  3476 | D:4      | Found Nuc Gyfit's Magic Scroll Shoppe.
  3614 | D:4      | Found a glowing drain.
  3635 | Sewer    | Entered a sewer
  3748 | Sewer    | Reached *** piety under Uskayaw
  3750 | Sewer    | Reached skill level 4 in Short Blades
  3802 | Sewer    | Reached XP level 6. HP: 33/33 MP: 7/7
  3814 | Sewer    | Reached skill level 1 in Dodging
  3835 | Sewer    | Reached skill level 5 in Stealth
  4150 | D:4      | Noticed Menkaure
  4169 | D:4      | Killed Menkaure
  4266 | D:4      | Reached XP level 7. HP: 12/37 MP: 8/8
  4376 | D:4      | Found a basalt altar of Yredelemnul.
  4388 | D:4      | Reached skill level 5 in Short Blades
  4610 | D:4      | Bought a scroll of teleportation for 33 gold pieces
  4610 | D:4      | Bought a scroll of teleportation for 33 gold pieces
  4610 | D:4      | Bought a scroll of identify for 22 gold pieces
  4610 | D:4      | Bought a scroll of fear for 38 gold pieces
  4610 | D:4      | Bought a scroll of magic mapping for 38 gold pieces
  4709 | D:5      | Entered Level 5 of the Dungeon
  5013 | D:5      | Found a staircase to the Ecumenical Temple.
  5044 | D:5      | Reached skill level 6 in Short Blades
  5068 | D:5      | Reached skill level 1 in Invocations
  5326 | D:5      | Noticed Ijyb
  5391 | D:5      | Killed Ijyb
  5470 | D:5      | Found a glowing silver altar of Zin.
  5471 | D:5      | Found a snail-covered altar of Cheibriados.
  5475 | D:5      | Gained mutation: You have razor-sharp teeth. [Vine Stalker
                  | growth]
  5475 | D:5      | Reached XP level 8. HP: 42/42 MP: 10/10
  6054 | D:6      | Noticed Sigmund
  6059 | D:6      | Killed Sigmund
  6060 | D:6      | Reached skill level 5 in Fighting
  6300 | D:6      | Reached skill level 7 in Short Blades
  6361 | D:7      | Reached XP level 9. HP: 48/48 MP: 13/13
  6526 | D:7      | Found Puguets's Weapon Boutique.
  6644 | D:7      | Found a runed translucent door.
  6645 | D:7      | Noticed Crazy Yiuf
  6785 | D:7      | Reached skill level 8 in Short Blades
  6852 | D:7      | Found Iti Riu's Assorted Antiques.
  6858 | D:7      | Bought a scroll labelled RUJUNA REOMU for 27 gold pieces
  7135 | D:7      | Found Haphuczotz's Assorted Antiques.
  7145 | D:7      | Bought a scroll labelled RUJUNA REOMU for 28 gold pieces
  7289 | D:7      | Killed Crazy Yiuf
  7374 | D:8      | Found an iron altar of Okawaru.
  7478 | D:8      | Reached skill level 9 in Short Blades
  7599 | D:8      | Found Cyrchurgh's Assorted Antiques.
  7605 | D:8      | Bought a scroll labelled IGYGENU HOOMN for 35 gold pieces
  7678 | D:8      | Reached **** piety under Uskayaw
  7820 | D:8      | Noticed Joseph
  7928 | D:8      | Shot with a sling bullet by Joseph

Illustrated notes

Levels and vault maps discovered:
D:1:      minmay_arrival_plants_in_alcoves, layout_loops_ring, minivault_25,
          minmay_misc_feat_tiny
D:2:      layout_basic, chequers_ecumenical_altar_simple, basic_altar,
          chequers_big_river, uniq_jessica
D:3:      layout_loops_corners, eat_drink_and_be_merry_uskayaw
D:4:      layout_loops_ring, general_overflow_altar, serial_shops,
          nicolae_shop_waterfront, gup_sewer_entry_bubbles, uniq_menkaure
D:5:      layout_basic, gammafunk_temple_overflow_statue,
          minmay_temple_entry_arrows, uniq_ijyb
D:6:      layout_rooms, uniq_sigmund
D:7:      layout_cave_pods, serial_shops, shop, nicolae_shop_waterfront,
          kennysheep_mini_moat, kennysheep_nub, uniq_crazy_yiuf_cottage
D:8:      layout_basic, okawaru_ov_weapons_minmay, serial_shops, shop,
          uniq_joseph

Skill      XL: |  1  2  3  4  5  6  7  8  9 |
---------------+----------------------------+-----
Fighting       | 2 3 4 5 6 |  6.0
Short Blades   | 2 3 4 6 7 9 |  9.5
Dodging        | 2 |  2.0
Stealth        | 6 |  6.0
Invocations    | 2 4 |  4.0
Throwing       | |  1.7

Action                   |  1- 3 |  4- 6 |  7- 9 || total
-------------------------+-------+-------+-------++-------
Melee: Dagger            |    85 |   327 |   333 ||   745
       Bite              |    14 |    81 |   121 ||   216
Throw: Dart              |       |     2 |       ||     2
  Use: Scroll            |       |     7 |     8 ||    15
 Stab: Sleeping          |     9 |     7 |     9 ||    25
       Paralysed         |       |     3 |     8 ||    11
       Distracted        |       |     1 |     1 ||     2
Armor: Ring mail         |    41 |   138 |    16 ||   195
       Leather armour    |       |       |    84 ||    84
Dodge: Dodged            |    33 |    85 |   109 ||   227
Block: Kite shield       |    12 |   111 |   123 ||   246

Table legend: (Time is in decaauts)
 A = Elapsed time spent in this place.
 B = Non-inter-level travel time spent in this place.
 C = Inter-level travel time spent in this place.
 D = Time resting spent in this place.
 E = Time spent auto-exploring this place.
 F = Levels seen in this place.
 G = Mean time per level.
                   A        B        C        D        E       F      G
               +--------+--------+--------+--------+--------+-----+--------+
         Total |   8040 |   7702 |    338 |    442 |   5119 |   9 |  893.3 |
       Dungeon |   7540 |   7202 |    338 |    442 |   4915 |   8 |  942.5 |
         Sewer |    500 |    500 |      0 |      0 |    203 |   1 |  500.0 |
               +--------+--------+--------+--------+--------+-----+--------+

Top non-repeatable levels by time:
     D:1: 1526 daAuts
     D:7: 1160 daAuts
     D:2: 1067 daAuts
     D:5: 1012 daAuts
     D:3: 895 daAuts
     D:4: 840 daAuts
     D:6: 595 daAuts
   Sewer: 500 daAuts
     D:8: 443 daAuts
